 Dungeon Crawl Stone Soup version 0.28-a0-1080-g05a166d0ed (webtiles) character file.

Game seed: 4027702211982281181

422 mainiacjoe the Cutter (level 6, -3/50 HPs)
             Began as a Minotaur Brigand on Dec 9, 2021.
             Slain by an orc priest (7 damage)
             ... on level 4 of the Dungeon.
             The game lasted 00:10:13 (2714 turns).

mainiacjoe the Cutter (Minotaur Brigand)            Turns: 2714, Time: 00:10:14

Health: -3/50      AC:  7    Str: 15    XL:     6   Next: 63%
Magic:  5/5        EV: 10    Int:  8    God:
Gold:   111        SH:  0    Dex: 14    Spells: 5/5 levels left

rFire   . . .      SeeInvis .   a - +0 falchion
rCold   + . .      Faith    .   (no shield)
rNeg    . . .      Spirit   .   q - +1 ring mail
rPois   .          Reflect  .   (helmet restricted)
rElec   .          Harm     .   c - +0 cloak
rCorr   .          Rampage  .   (no gloves)
Will    .....                   (no boots)
Stlth   ++........              (no amulet)
HPRegen 0.16/turn               u - ring of protection from cold
MPRegen 0.09/turn               z - ring of flight

@: flying
A: horns 2, retaliatory headbutt
a: no special abilities


You were on level 4 of the Dungeon.
You visited 1 branch of the dungeon, and saw 4 of its levels.

You collected 111 gold pieces.

Inventory:

Hand Weapons
 a - a +0 falchion (weapon)
 b - a +2 dagger
 w - a +0 short sword
Missiles
 d - 7 poisoned darts
 e - 6 curare-tipped darts {=F}
 j - 37 sling bullets
 l - 150 stones (quivered)
 m - 19 bolts
 y - 23 arrows
Armour
 c - a +0 cloak (worn)
 i - a +0 robe
 q - a +1 ring mail (worn)
 x - a +0 scale mail
Jewellery
 u - a ring of protection from cold (left hand)
 z - a ring of flight (right hand)
Wands
 s - a wand of charming (11)
Scrolls
 g - a scroll of silence {unknown}
 h - a scroll of enchant armour
 p - a scroll of amnesia {unknown}
 v - a scroll of fog {unknown}
Potions
 f - a potion of heal wounds
 n - a potion of invisibility
 o - 3 potions of might
 r - a potion of attraction {unknown}
 t - 2 potions of curing {unknown}


   Skills:
 - Level 2.4 Fighting
 - Level 4.5(5.1) Short Blades
 * Level 3.5(4.8) Long Blades
 + Level 3.8 Throwing
 - Level 1.1 Dodging
 + Level 4.5 Stealth


You had 5 spell levels left.
You didn't know any spells.
Your spell library contained the following spells:

 Spells                   Type           Power      Damage    Failure   Level
 Ensorcelled Hibernation  Hex/Ice        0%         N/A       78%         2
 Tukima's Dance           Hex            0%         N/A       95%         3
 Summon Ice Beast         Ice/Summ       0%         N/A       100%        4
 Summon Mana Viper        Hex/Summ       0%         N/A       100%        5
 Monstrous Menagerie      Summ           0%         N/A       100%        7


Dungeon Overview and Level Annotations

Branches:
Dungeon (4/15)
 Temple: D:4-7

Altars:

Shops:
D:1 :

Annotations:
D:4 1 runed translucent door, Crazy Yiuf


Innate Abilities, Weirdness & Mutations

You have a pair of horns on your head.
You reflexively headbutt those who attack you in melee.


Message History

The orc hits you with a +0 hand axe. Sigmund gestures at you while chanting.
The magic dart hits you!
You hit Sigmund but do no damage. You headbutt Sigmund.
Sigmund is severely wounded.
The orc hits you with a +0 hand axe.
* * * LOW HITPOINT WARNING * * *
Sigmund barely misses you.
You hit Sigmund.
Sigmund is severely wounded.
The orc hits you with a +0 war axe.
* * * LOW HITPOINT WARNING * * *
The orc priest closely misses you. The orc misses you.
You slash Sigmund!
You kill Sigmund!
The orc priest barely misses you. The orc closely misses you.
Your base Long Blades skill increases to level 3!
You have reached level 6!
You feel much better. The orc barely misses you. You furiously retaliate!
You headbutt the orc!
You kill the orc!
The orc priest hits you with a +0 hand axe.
The orc closely misses you. You furiously retaliate!
You headbutt the orc. The orc closely misses you.
You closely miss the orc priest. The orc priest barely misses you.
The orc hits you with a +0 hand axe. The orc hits you but does no damage.
You barely miss the orc priest. Your headbutt misses the orc priest.
The orc priest hits you but does no damage.
The orc closely misses you. You furiously retaliate!
You headbutt the orc. The orc hits you with a +0 hand axe.
You closely miss the orc priest.
The orc priest mumbles some strange prayers to Beogh against you.
Beogh smites you!
* * * LOW HITPOINT WARNING * * *
The orc hits you but does no damage. The orc barely misses you.
You furiously retaliate!
You headbutt the orc. You hit the orc priest.
Your headbutt misses the orc priest.
The orc priest is moderately wounded.
The orc priest hits you with a +0 hand axe!
You die...

.P#.....)...#......'..........
.P.....##...###....##....##..
P......##...###....###'####
♣P#....##...........#.....#
♣♣##....#...........'.....#
#...>#.......S...#.....# #
#....#...........#.....+ .#
##....#......ooo..#.....# ..#
#...###...###)@######'### ...#
##.†###...###..######..##....#
#...(...S..'..............)..#
#..(...>...#...........##....#
#..........#...######[.# ...#
#....(....$#...##..##..# ..#
#.........##..<##..##..## .#
##..##....##...##..'....+ #
#..##.........##..##..#######


You could see an orc priest, an adder and 2 orcs.

Vanquished Creatures
  Sigmund (D:4)
  A scorpion (D:3)
  An orc priest (D:4)
  An iguana (D:3)
  5 adders
  3 worms
  3 dart slugs
  3 orcs
  2 bats
  8 endoplasms
  8 giant cockroaches
  8 goblins
  7 hobgoblins
  3 jackals (D:3)
  5 quokkas
  3 frilled lizards (D:1)
  5 kobolds
  7 rats
74 creatures vanquished.

Notes
Turn   | Place    | Note
-------+----------+-------------------------------------------
     0 | D:1      | mainiacjoe the Minotaur Brigand began the quest for the
                  | Orb.
     0 | D:1      | Reached XP level 1. HP: 18/18 MP: 0/0
   163 | D:1      | Found Buodwaha's Book Emporium.
   303 | D:1      | Reached XP level 2. HP: 25/25 MP: 1/1
   640 | D:1      | Reached XP level 3. HP: 30/30 MP: 2/2
  1115 | D:2      | Reached XP level 4. HP: 37/37 MP: 3/3
  1179 | D:2      | You fall into a shaft and drop 2 floors!
  1210 | D:4      | Found a runed translucent door.
  1211 | D:4      | Noticed Crazy Yiuf
  1424 | D:4      | Noticed Sigmund
  1575 | D:3      | Reached XP level 5. HP: 42/42 MP: 4/4
  2394 | D:3      | Reached skill level 1 in Long Blades
  2709 | D:4      | Killed Sigmund
  2710 | D:4      | Reached XP level 6. HP: 6/50 MP: 5/5
  2714 | D:4      | Slain by an orc priest

Illustrated notes

Levels and vault maps discovered:
D:1:      grunt_arrival_lava_bath, layout_basic, serial_shops,
          nicolae_shop_hallway_stairs
D:2:      layout_rooms, minmay_worlds_worst_comb
D:3:      layout_rooms
D:4:      layout_gridville, serial_shops, shop, uniq_crazy_yiuf_cottage,
          uniq_sigmund

Skill      XL: |  1  2  3  4  5 |
---------------+----------------+-----
Short Blades   | 3 4 |  4.5
Throwing       | 3 |  3.8
Stealth        | 4 |  4.5
Long Blades    | 3 |  3.5
Fighting       | |  2.4
Dodging        | |  1.1

Action                   |  1- 3 |  4- 6 || total
-------------------------+-------+-------++-------
Melee: Dagger            |    37 |     9 ||    46
       Short sword       |    20 |    60 ||    80
       Headbutt          |     9 |    19 ||    28
       Falchion          |       |    15 ||    15
Throw: Dart              |    21 |     7 ||    28
       Stone             |    13 |    88 ||   101
  Use: Scroll            |       |     4 ||     4
       Potion            |       |     2 ||     2
 Stab: Sleeping          |     9 |     2 ||    11
       Invisible         |       |     1 ||     1
Armor: Robe              |    12 |       ||    12
       Ring mail         |     6 |    18 ||    24
Dodge: Dodged            |    25 |    41 ||    66

Table legend: (Time is in decaauts)
 A = Elapsed time spent in this place.
 B = Non-inter-level travel time spent in this place.
 C = Inter-level travel time spent in this place.
 D = Time resting spent in this place.
 E = Time spent auto-exploring this place.
 F = Levels seen in this place.
 G = Mean time per level.
                   A        B        C        D        E       F      G
               +--------+--------+--------+--------+--------+-----+--------+
         Total |   2677 |   2568 |    109 |    127 |   1566 |   4 |  669.2 |
       Dungeon |   2677 |   2568 |    109 |    127 |   1566 |   4 |  669.2 |
               +--------+--------+--------+--------+--------+-----+--------+

Top non-repeatable levels by time:
     D:1: 985 daAuts
     D:2: 684 daAuts
     D:3: 673 daAuts
     D:4: 333 daAuts
